Seattle Thunderbirds vs Rimouski Oceanic

Created - 20 mars 2018 at 17:31

Goals
1 2 3 T
Seattle Thunderbirds 0 2 3 5
Rimouski Oceanic 1 0 2 3
Shots
1 2 3 T
Seattle Thunderbirds 8 20 10 38
Rimouski Oceanic 7 6 8 21

1st period

1. Rimouski Oceanic , Riley Barber 24 (Andreas Englund 5) at 16:03

Penalties :
Devin Setoguchi (THU) for Holding Stick (Minor) at 16:22

2nd period

2. Seattle Thunderbirds , T.J. Tynan 6 (Sean Backman 15) at 7:00
3. Seattle Thunderbirds , Landon Ferraro 17 (Brett Sutter 36, Devin Setoguchi 55) at 10:52

Penalties :
Mark Alt (OCE) for Fighting (Major) at 13:29, Peter Mueller (THU) for Fighting (Major) at 13:29

3rd period

4. Rimouski Oceanic , Cody McLeod 8 (Nick Paul 53, Riley Barber 39) at 0:15
5. Seattle Thunderbirds , Brett Sutter 25 (Bracken Kearns 79) at 4:15 (PP)
6. Rimouski Oceanic , Jordin Tootoo 7 (Bobby Farnham 30, Jordan Nolan 54) at 11:16
7. Seattle Thunderbirds , Peter Cehlarik 27 (Roman Lyubimov 16, Landon Ferraro 26) at 12:14
8. Seattle Thunderbirds , Reid Boucher 27 (Bracken Kearns 80) at 13:52 (PP)

Penalties :
Nick Paul (OCE) for High sticking (Double Minor) at 1:19, Bracken Kearns (THU) for Hooking (Minor) at 2:08, Jordan Nolan (OCE) for Cross-checking (Minor) at 13:44

Goalie Stats

Adin Hill (THU), 18 saves from 21 shots - (0,857), W, 23-7-4, 60:00 minutes
Jeremy Smith (OCE), 33 saves from 38 shots - (0,868), L, 3-3-0, 60:00 minutes

Players Stats for Seattle Thunderbirds

Player Name              G  A  P  +/- PIM S  H  SB GA TA FO     MP     PP MP  PK MP  
------------------------------------------------------------------------------------
Andrew Campbell          0  0  0   0  0   1  1  1  0  0  0/0    17:05   0:13   0:48 
Bracken Kearns           0  2  2  -2  2   0  1  1  0  0  15/21  19:48   0:42   1:00 
Brett Sutter             1  1  2   1  0   6  1  0  0  0  0/0    15:51   0:30   0:44 
Colin Smith              0  0  0   0  0   2  2  0  0  0  1/3    15:20   0:00   0:00 
Devin Setoguchi          0  1  1  -2  2   1  2  1  0  0  0/1    18:37   0:35   0:00 
Jacob MacDonald          0  0  0   1  0   0  0  1  0  0  0/0    11:35   0:00   0:00 
Jamie McBain             0  0  0  -2  0   2  1  2  1  1  0/0    23:36   0:52   1:11 
Joey LaLeggia            0  0  0   0  0   0  0  1  1  0  0/0    17:05   0:13   0:48 
Landon Ferraro           1  1  2   1  0   5  1  0  0  1  0/1    14:28   0:22   0:00 
Matt Tennyson            0  0  0   1  0   0  1  0  0  0  0/0    11:35   0:00   0:00 
Peter Cehlarik           1  0  1   0  0   5  2  1  0  1  1/1    12:47   0:00   0:00 
Peter Mueller            0  0  0   1  5   0  0  0  0  0  5/6    13:34   0:22   0:33 
Reid Boucher             1  0  1  -2  0   8  2  1  3  0  2/6    20:46   0:35   0:57 
Rob O'Gara               0  0  0   1  0   1  0  0  0  0  0/0     7:44   0:00   0:00 
Roman Lyubimov           0  1  1   0  0   1  2  0  2  1  0/0    15:07   0:08   0:44 
Rourke Chartier          0  0  0   1  0   0  2  0  1  0  0/0    10:45   0:00   0:00 
Sean Backman             0  1  1   1  0   1  1  0  0  0  0/0     9:18   0:00   0:00 
T.J. Tynan               1  0  1   1  0   3  1  0  0  0  0/0     9:38   0:00   0:00 
Vincent LoVerde          0  0  0   1  0   0  1  1  0  0  0/0     7:44   0:00   0:00 
Yannick Weber            0  0  0  -2  0   2  2  0  0  1  0/0    23:36   0:52   1:11 

Players Stats for Rimouski Oceanic

Player Name              G  A  P  +/- PIM S  H  SB GA TA FO     MP     PP MP  PK MP  
------------------------------------------------------------------------------------
Andreas Englund          0  1  1   0  0   0  0  0  0  0  0/0    14:07   0:00   0:00 
Bobby Farnham            0  1  1   1  0   1  1  2  0  1  0/0    17:13   0:54   0:00 
Christoph Bertschy       0  0  0  -3  0   2  1  1  1  0  1/1    14:35   0:00   0:00 
Cody McLeod              1  0  1   1  0   2  2  0  0  2  1/1    18:12   0:55   0:06 
Connor Carrick           0  0  0   1  0   0  1  1  0  2  0/0    23:49   1:10   0:54 
Ethan Werek              0  0  0   1  0   0  0  0  1  0  1/2     7:00   0:00   0:00 
Jordan Nolan             0  1  1   1  2   1  3  0  0  0  1/6    17:09   0:54   0:00 
Jordin Tootoo            1  0  1   1  0   2  0  2  1  0  0/0    17:09   0:54   0:00 
Mark Alt                 0  0  0   0  5   0  0  1  0  1  0/0    12:46   0:00   0:00 
Mikkel Aagaard           0  0  0   1  0   0  0  0  0  0  0/0     7:00   0:00   0:00 
Nick Paul                0  1  1   1  4   1  0  0  2  0  2/2    17:45   1:05   0:08 
Patrice Cormier          0  0  0  -3  0   1  2  2  0  0  1/3    17:50   0:00   0:43 
Riley Barber             1  1  2   2  0   7  2  1  0  0  8/23   22:36   1:05   0:59 
Ryan MacInnis            0  0  0   0  0   0  0  0  0  0  0/0     2:14   0:00   0:08 
Scooter Vaughan          0  0  0  -1  0   0  0  3  0  0  0/0    22:03   0:49   0:11 
Shane Harper             0  0  0  -3  0   3  2  0  0  0  0/0    14:08   0:00   0:00 
Steven Fogarty           0  0  0   0  0   0  0  0  0  1  0/1     5:44   0:10   0:06 
Taylor Fedun             0  0  0  -1  0   0  1  2  0  0  0/0    21:44   0:49   0:11 
Zach Redmond             0  0  0   1  0   1  0  1  0  1  0/0    23:49   1:10   0:54 

3 Stars

1 - Riley Barber (OCE)
2 - Brett Sutter (THU)
3 - Landon Ferraro (THU)

Power Play

Seattle Thunderbirds - 2 on 3 Attempt(s) - 66,67%
Rimouski Oceanic - 0 on 2 Attempt(s) - 0,00%

Penalty Kill

Seattle Thunderbirds - 2 on 2 Attempt(s) - 100,00% - Score 0 goal in Penalty Kill
Rimouski Oceanic - 1 on 3 Attempt(s) - 33,33% - Score 0 goal in Penalty Kill

Team Stat

Seattle Thunderbirds - Hits : 23 - Faceoff Wins : 24 - Blocked Shots : 10 - Penalty Minutes : 9
Rimouski Oceanic - Hits : 15 - Faceoff Wins : 15 - Blocked Shots : 16 - Penalty Minutes : 11

Official

Referees : Tom Chmielewski and Graham Skiliter
Linesman : Scott Driscoll and Mark Wheler

Game Notes

Mark Alt beats up Peter Mueller at 13:29 of 2nd period

Finance

Level 1 -- Attendance: 1432 (71,60%) -- Ticket Income 50 120 $
Level 2 -- Attendance: 771 (77,10%) -- Ticket Income 11 565 $
Total Attendance: 2203 (73,43%)
Total Ticket Income: 61 685 $
Other Income: 30 226 $
Total Income: 91 911 $

Seattle Thunderbirds

5 vs 5 Forward 
   Center                   Left Wing                Right Wing               Time % Phy DF OF 
 1 Bracken Kearns           Reid Boucher             Devin Setoguchi          40     1   2  2  
 2 Peter Mueller            Brett Sutter             Landon Ferraro           30     1   2  2  
 3 Colin Smith              Peter Cehlarik           Roman Lyubimov           20     1   2  2  
 4 Rourke Chartier          Sean Backman             T.J. Tynan               10     1   2  2  

5 vs 5 Defense 
   Defense                  Defense                                           Time % Phy DF OF 
 1 Jamie McBain             Yannick Weber                                     40     1   2  2  
 2 Andrew Campbell          Joey LaLeggia                                     30     1   2  2  
 3 Jacob MacDonald          Matt Tennyson                                     20     1   2  2  
 4 Vincent LoVerde          Rob O'Gara                                        10     1   2  2  

PowerPlay Forward 
   Center                   Left Wing                Right Wing               Time % Phy DF OF 
 1 Bracken Kearns           Reid Boucher             Devin Setoguchi          60     1   2  2  
 2 Peter Mueller            Brett Sutter             Landon Ferraro           40     1   2  2  

PowerPlay Defense
   Defense                  Defense                                           Time % Phy DF OF 
 1 Jamie McBain             Yannick Weber                                     60     1   2  2  
 2 Andrew Campbell          Joey LaLeggia                                     40     1   2  2  

Penalty Kill 4 Players Forward 
   Center                   Wing                     Time % Phy DF OF 
 1 Reid Boucher             Bracken Kearns           60     1   2  2  
 2 Devin Setoguchi          Peter Mueller            40     1   2  2  

Penalty Kill 4 Players Defense
   Defense                  Defense                  Time % Phy DF OF 
 1 Jamie McBain             Yannick Weber            60     1   2  2  
 2 Andrew Campbell          Joey LaLeggia            40     1   2  2  

Penalty Kill - 3 Players Forward 
   Forward                                           Time % Phy DF OF 
 1 Reid Boucher                                      60     1   2  2  
 2 Bracken Kearns                                    40     1   2  2  

Penalty Kill - 3 Players Defense
   Defense                  Defense                  Time % Phy DF OF 
 1 Jamie McBain             Yannick Weber            60     1   2  2  
 2 Andrew Campbell          Joey LaLeggia            40     1   2  2  

4 vs 4 Forward 
   Center                   Wing                     Time % Phy DF OF 
 1 Reid Boucher             Bracken Kearns           60     1   2  2  
 2 Devin Setoguchi          Peter Mueller            40     1   2  2  

4 vs 4 Defense
   Defense                  Defense                  Time % Phy DF OF 
 1 Jamie McBain             Yannick Weber            60     1   2  2  
 2 Andrew Campbell          Joey LaLeggia            40     1   2  2  

Last Minutes Offensive
   Center                   Left Wing                Right Wing               Defense                  Defense                  
   Bracken Kearns           Reid Boucher             Devin Setoguchi          Jamie McBain             Yannick Weber            

Last Minutes Defensive
   Center                   Left Wing                Right Wing               Defense                  Defense                  
   Bracken Kearns           Reid Boucher             Devin Setoguchi          Jamie McBain             Yannick Weber            

Goaltenders
Starting : Adin Hill                
Backup : Jack Campbell            

Extra Forwards
Normal : Colin Smith, Rourke Chartier, Roman Lyubimov - PP : Colin Smith, Rourke Chartier - PK : Roman Lyubimov
Extra Defensemen
Normal : Jacob MacDonald, Matt Tennyson, Vincent LoVerde - PP : Jacob MacDonald - PK : Matt Tennyson, Vincent LoVerde
Penalty Shots
Reid Boucher, Bracken Kearns, Devin Setoguchi, Peter Mueller, Yannick Weber

Scratches
Anthony Peluso (Healthy), Alex Petan (Healthy), John Muse (Healthy)

Rimouski Oceanic

5 vs 5 Forward 
   Center                   Left Wing                Right Wing               Time % Phy DF OF 
 1 Riley Barber             Nick Paul                Cody McLeod              40     1   2  2  
 2 Jordan Nolan             Jordin Tootoo            Bobby Farnham            30     1   2  2  
 3 Patrice Cormier          Christoph Bertschy       Shane Harper             20     1   2  2  
 4 Ethan Werek              Mikkel Aagaard           Riley Barber             10     1   2  2  

5 vs 5 Defense 
   Defense                  Defense                                           Time % Phy DF OF 
 1 Zach Redmond             Connor Carrick                                    40     1   2  2  
 2 Taylor Fedun             Scooter Vaughan                                   30     1   2  2  
 3 Mark Alt                 Andreas Englund                                   20     1   2  2  
 4 Zach Redmond             Connor Carrick                                    10     1   2  2  

PowerPlay Forward 
   Center                   Left Wing                Right Wing               Time % Phy DF OF 
 1 Riley Barber             Nick Paul                Cody McLeod              60     1   2  2  
 2 Jordan Nolan             Jordin Tootoo            Bobby Farnham            40     1   2  2  

PowerPlay Defense
   Defense                  Defense                                           Time % Phy DF OF 
 1 Zach Redmond             Connor Carrick                                    60     1   2  2  
 2 Taylor Fedun             Scooter Vaughan                                   40     1   2  2  

Penalty Kill 4 Players Forward 
   Center                   Wing                     Time % Phy DF OF 
 1 Riley Barber             Nick Paul                60     1   2  2  
 2 Cody McLeod              Jordan Nolan             40     1   2  2  

Penalty Kill 4 Players Defense
   Defense                  Defense                  Time % Phy DF OF 
 1 Zach Redmond             Connor Carrick           60     1   2  2  
 2 Taylor Fedun             Scooter Vaughan          40     1   2  2  

Penalty Kill - 3 Players Forward 
   Forward                                           Time % Phy DF OF 
 1 Riley Barber                                      60     1   2  2  
 2 Nick Paul                                         40     1   2  2  

Penalty Kill - 3 Players Defense
   Defense                  Defense                  Time % Phy DF OF 
 1 Zach Redmond             Connor Carrick           60     1   2  2  
 2 Taylor Fedun             Scooter Vaughan          40     1   2  2  

4 vs 4 Forward 
   Center                   Wing                     Time % Phy DF OF 
 1 Riley Barber             Nick Paul                60     1   2  2  
 2 Cody McLeod              Jordan Nolan             40     1   2  2  

4 vs 4 Defense
   Defense                  Defense                  Time % Phy DF OF 
 1 Zach Redmond             Connor Carrick           60     1   2  2  
 2 Taylor Fedun             Scooter Vaughan          40     1   2  2  

Last Minutes Offensive
   Center                   Left Wing                Right Wing               Defense                  Defense                  
   Riley Barber             Nick Paul                Cody McLeod              Zach Redmond             Connor Carrick           

Last Minutes Defensive
   Center                   Left Wing                Right Wing               Defense                  Defense                  
   Riley Barber             Nick Paul                Cody McLeod              Zach Redmond             Connor Carrick           

Goaltenders
Starting : Jeremy Smith             
Backup : Unknown Goalie           

Extra Forwards
Normal : Steven Fogarty, Ryan MacInnis, Patrice Cormier - PP : Steven Fogarty, Ryan MacInnis - PK : Patrice Cormier
Extra Defensemen
Normal : Mark Alt, Andreas Englund, Taylor Fedun - PP : Mark Alt - PK : Andreas Englund, Taylor Fedun
Penalty Shots
Riley Barber, Nick Paul, Cody McLeod, Jordan Nolan, Scooter Vaughan

Scratches
Garrett Noonan (Healthy), Dylan Blujus (Healthy), Mattias Backman (Healthy), Joe Whitney (Healthy), Marco Roy (Healthy)
Kyle Burroughs (Healthy), Loic Leduc (Healthy), Alexandre Ranger (Healthy), Ben Marshall (Healthy), Justin Peters (Healthy)
Parker Milner (Healthy)

% Time on Ice - Seattle Thunderbirds

Lines # - Real PCT - Wanted PCT - Time Play
Normal Forward
1 - 34% - 40% - 18:37
2 - 26% - 30% - 14:15
3 - 23% - 20% - 12:47
4 - 17% - 10% - 9:18
Normal Defense
1 - 37% - 40% - 20:21
2 - 28% - 30% - 15:17
3 - 21% - 20% - 11:35
4 - 14% - 10% - 7:44
PP Forward
1 - 66% - 60% - 0:43
2 - 34% - 40% - 0:22
PP Defense
1 - 80% - 60% - 0:52
2 - 20% - 40% - 0:13
PK Forward
1 - 72% - 60% - 1:26
2 - 28% - 40% - 0:33
PK Defense
1 - 60% - 60% - 1:11
2 - 40% - 40% - 0:48
PK3 Forward
1 - 0% - 60%
2 - 0% - 40%
PK3 Defense
1 - 0% - 60%
2 - 0% - 40%
44 Forward
1 - 100% - 60% - 1:59
2 - 0% - 40% - 0:00
44 Defense
1 - 61% - 60% - 1:12
2 - 39% - 40% - 0:47
Last Minute Offensive  - 0:00
Last Minute Defensive  - 0:00
Total
Forward - 60:00
Defense - 60:00

% Time on Ice - Rimouski Oceanic

Lines # - Real PCT - Wanted PCT - Time Play
Normal Forward
1 - 31% - 40% - 17:13
2 - 30% - 30% - 16:36
3 - 26% - 20% - 14:08
4 - 13% - 10% - 7:00
Normal Defense
1 - 35% - 40% - 19:23
2 - 33% - 30% - 17:58
3 - 29% - 20% - 15:48
4 - 3% - 10% - 1:48
PP Forward
1 - 55% - 60% - 1:05
2 - 45% - 40% - 0:54
PP Defense
1 - 59% - 60% - 1:10
2 - 41% - 40% - 0:49
PK Forward
1 - 100% - 60% - 1:05
2 - 0% - 40% - 0:00
PK Defense
1 - 83% - 60% - 0:54
2 - 17% - 40% - 0:11
PK3 Forward
1 - 0% - 60%
2 - 0% - 40%
PK3 Defense
1 - 0% - 60%
2 - 0% - 40%
44 Forward
1 - 100% - 60% - 1:59
2 - 0% - 40% - 0:00
44 Defense
1 - 29% - 60% - 0:34
2 - 71% - 40% - 1:25
Last Minute Offensive  - 0:00
Last Minute Defensive  - 0:00
Total
Forward - 60:00
Defense - 60:00

Play by Play

1st period


0:01 of 1st period - Bracken Kearns wins face-off versus Riley Barber in neutral zone.
0:04 of 1st period - Cody McLeod is hit by Yannick Weber and loses puck.
0:25 of 1st period - Zach Redmond is hit by Yannick Weber.
0:29 of 1st period - Slapshot by Landon Ferraro.
0:29 of 1st period - Shot Misses the Net.
0:45 of 1st period - Wrist shot by Jordan Nolan.
0:45 of 1st period - Shot Misses the Net.
1:13 of 1st period - Ethan Werek is hit by Matt Tennyson and loses puck.
1:30 of 1st period - Slapshot by Devin Setoguchi.
1:30 of 1st period - Stopped by Jeremy Smith with a rebound.
1:50 of 1st period - Wrist shot by Brett Sutter.
1:50 of 1st period - Shot Blocked by Scooter Vaughan.
2:05 of 1st period - Icing by Matt Tennyson.
2:06 of 1st period - Peter Cehlarik wins face-off versus Patrice Cormier in Seattle Thunderbirds zone.
2:57 of 1st period - Slapshot by Brett Sutter.
2:57 of 1st period - Stopped by Jeremy Smith with a rebound.
2:59 of 1st period - Slapshot by Peter Mueller.
2:59 of 1st period - Shot Misses the Net.
3:01 of 1st period - Snap shot by Peter Mueller.
3:01 of 1st period - Shot Misses the Net.
3:03 of 1st period - Snap shot by Peter Mueller.
3:03 of 1st period - Deflect By Brett Sutter.
3:03 of 1st period - Stopped by Jeremy Smith with a rebound.
3:13 of 1st period - Rourke Chartier is hit by Shane Harper and loses puck.
3:20 of 1st period - Slapshot by Connor Carrick.
3:20 of 1st period - Shot Misses the Net.
3:22 of 1st period - Wrist shot by Shane Harper.
3:22 of 1st period - Stopped by Adin Hill with a rebound.
4:43 of 1st period - Snap shot by Shane Harper.
4:43 of 1st period - Stopped by Adin Hill with a rebound.
4:59 of 1st period - Joey LaLeggia is hit by Connor Carrick and loses puck.
5:18 of 1st period - Slapshot by Brett Sutter.
5:18 of 1st period - Stopped by Jeremy Smith without a rebound.
5:19 of 1st period - Bracken Kearns wins face-off versus Steven Fogarty in Rimouski Oceanic zone.
5:44 of 1st period - Wrist shot by Brett Sutter.
5:44 of 1st period - Deflect By Landon Ferraro.
5:44 of 1st period - Shot Blocked by Connor Carrick.
5:44 of 1st period - Puck is out of play.
5:45 of 1st period - Peter Mueller wins face-off versus Jordan Nolan in Rimouski Oceanic zone.
6:19 of 1st period - Wrist shot by Peter Cehlarik.
6:19 of 1st period - Shot Blocked by Jordin Tootoo.
6:37 of 1st period - Slapshot by Jordan Nolan.
6:37 of 1st period - Stopped by Adin Hill with a rebound.
7:05 of 1st period - Snap shot by Reid Boucher.
7:05 of 1st period - Stopped by Jeremy Smith with a rebound.
7:29 of 1st period - Jordan Nolan is hit by Devin Setoguchi and loses puck.
8:34 of 1st period - Snap shot by Jordan Nolan.
8:34 of 1st period - Shot Blocked by Reid Boucher.
8:36 of 1st period - Wrist shot by Jordan Nolan.
8:36 of 1st period - Deflect By Reid Boucher.
8:36 of 1st period - Shot Hit the Post.
8:36 of 1st period - Puck is out of play.
8:37 of 1st period - Riley Barber wins face-off versus Landon Ferraro in Seattle Thunderbirds zone.
9:15 of 1st period - Connor Carrick is hit by Vincent LoVerde and loses puck.
9:45 of 1st period - Vincent LoVerde is hit by Riley Barber and loses puck.
10:50 of 1st period - Zach Redmond is hit by T.J. Tynan and loses puck.
12:18 of 1st period - Icing by Nick Paul.
12:19 of 1st period - Peter Mueller wins face-off versus Patrice Cormier in Rimouski Oceanic zone.
13:33 of 1st period - Icing by Cody McLeod.
13:34 of 1st period - Bracken Kearns wins face-off versus Riley Barber in Rimouski Oceanic zone.
13:51 of 1st period - Backhand shot by Brett Sutter.
13:51 of 1st period - Stopped by Jeremy Smith with a rebound.
13:53 of 1st period - Backhand shot by Brett Sutter.
13:53 of 1st period - Shot Blocked by Taylor Fedun.
13:59 of 1st period - Snap shot by Peter Mueller.
13:59 of 1st period - Shot Misses the Net.
14:24 of 1st period - Snap shot by Reid Boucher.
14:24 of 1st period - Stopped by Jeremy Smith without a rebound.
14:25 of 1st period - Riley Barber wins face-off versus Bracken Kearns in Rimouski Oceanic zone.
14:25 of 1st period - Riley Barber is hit by Devin Setoguchi.
14:55 of 1st period - Wrist shot by Landon Ferraro.
14:55 of 1st period - Shot Misses the Net.
14:57 of 1st period - Wrist shot by Andrew Campbell.
14:57 of 1st period - Stopped by Jeremy Smith with a rebound.
14:59 of 1st period - Wrist shot by Brett Sutter.
14:59 of 1st period - Shot Misses the Net.
15:01 of 1st period - Snap shot by Peter Mueller.
15:01 of 1st period - Shot Misses the Net.
15:13 of 1st period - Christoph Bertschy is hit by Andrew Campbell and loses puck.
15:33 of 1st period - Wrist shot by Rourke Chartier.
15:33 of 1st period - Shot Misses the Net.
15:55 of 1st period - Snap shot by Riley Barber.
15:55 of 1st period - Stopped by Adin Hill without a rebound.
15:56 of 1st period - Ethan Werek wins face-off versus Bracken Kearns in Seattle Thunderbirds zone.
16:03 of 1st period - Slapshot by Riley Barber.
16:03 of 1st period - Goal by Riley Barber - Seattle Thunderbirds : 0 - Rimouski Oceanic : 1.
16:04 of 1st period - Bracken Kearns wins face-off versus Riley Barber in neutral zone.
16:13 of 1st period - Snap shot by Devin Setoguchi.
16:13 of 1st period - Shot Misses the Net.
16:22 of 1st period - Minor Penalty to Devin Setoguchi for Holding Stick.
16:23 of 1st period - Reid Boucher wins face-off versus Riley Barber in Seattle Thunderbirds zone.
16:57 of 1st period - Slapshot by Jordin Tootoo.
16:57 of 1st period - Shot Misses the Net.
18:22 of 1st period - Penalty to Devin Setoguchi is over, Devin Setoguchi is back on ice.
18:36 of 1st period - Snap shot by Christoph Bertschy.
18:36 of 1st period - Stopped by Adin Hill with a rebound.
18:38 of 1st period - Wrist shot by Christoph Bertschy.
18:38 of 1st period - Stopped by Adin Hill with a rebound.
19:14 of 1st period - Peter Mueller is hit by Jordan Nolan and loses puck.
19:31 of 1st period - Colin Smith is hit by Patrice Cormier and loses puck.
Goals for this period are 0 for Seattle Thunderbirds vs 1 for Rimouski Oceanic.
Shots for this period are 8 for Seattle Thunderbirds vs 7 for Rimouski Oceanic.

2nd period


0:01 of 2nd period - Bracken Kearns wins face-off versus Riley Barber in neutral zone.
0:04 of 2nd period - Snap shot by Reid Boucher.
0:04 of 2nd period - Shot Misses the Net.
0:08 of 2nd period - Snap shot by Reid Boucher.
0:08 of 2nd period - Shot Misses the Net.
0:10 of 2nd period - Slapshot by Jamie McBain.
0:10 of 2nd period - Deflect By Connor Carrick.
0:10 of 2nd period - Stopped by Jeremy Smith with a rebound.
0:12 of 2nd period - Slapshot by Jamie McBain.
0:12 of 2nd period - Deflect By Reid Boucher.
0:12 of 2nd period - Stopped by Jeremy Smith with a rebound.
1:30 of 2nd period - Snap shot by Riley Barber.
1:30 of 2nd period - Shot Misses the Net.
1:58 of 2nd period - Wrist shot by Peter Mueller.
1:58 of 2nd period - Shot Blocked by Scooter Vaughan.
2:10 of 2nd period - Riley Barber is hit by Peter Cehlarik and loses puck.
2:47 of 2nd period - Jamie McBain is hit by Patrice Cormier and loses puck.
2:54 of 2nd period - Slapshot by Yannick Weber.
2:54 of 2nd period - Stopped by Jeremy Smith with a rebound.
2:56 of 2nd period - Wrist shot by T.J. Tynan.
2:56 of 2nd period - Stopped by Jeremy Smith with a rebound.
3:26 of 2nd period - Slapshot by Shane Harper.
3:26 of 2nd period - Shot Misses the Net.
3:38 of 2nd period - Snap shot by Colin Smith.
3:38 of 2nd period - Shot Misses the Net.
3:52 of 2nd period - Snap shot by Colin Smith.
3:52 of 2nd period - Shot Blocked by Mark Alt.
3:54 of 2nd period - Snap shot by Roman Lyubimov.
3:54 of 2nd period - Shot Blocked by Patrice Cormier.
3:58 of 2nd period - Wrist shot by Peter Cehlarik.
3:58 of 2nd period - Stopped by Jeremy Smith with a rebound.
4:00 of 2nd period - Wrist shot by Peter Cehlarik.
4:00 of 2nd period - Shot Blocked by Christoph Bertschy.
4:02 of 2nd period - Snap shot by Peter Cehlarik.
4:02 of 2nd period - Stopped by Jeremy Smith without a rebound.
4:03 of 2nd period - Riley Barber wins face-off versus Bracken Kearns in Rimouski Oceanic zone.
4:17 of 2nd period - Icing by Nick Paul.
4:18 of 2nd period - Riley Barber wins face-off versus Peter Mueller in Rimouski Oceanic zone.
4:56 of 2nd period - Wrist shot by Riley Barber.
4:56 of 2nd period - Stopped by Adin Hill with a rebound.
4:58 of 2nd period - Slapshot by Taylor Fedun.
4:58 of 2nd period - Shot Blocked by Devin Setoguchi.
5:00 of 2nd period - Snap shot by Riley Barber.
5:00 of 2nd period - Shot Misses the Net.
5:09 of 2nd period - Snap shot by Reid Boucher.
5:09 of 2nd period - Stopped by Jeremy Smith with a rebound.
5:32 of 2nd period - Snap shot by Reid Boucher.
5:32 of 2nd period - Shot Misses the Net.
5:42 of 2nd period - Snap shot by Cody McLeod.
5:42 of 2nd period - Stopped by Adin Hill without a rebound.
5:43 of 2nd period - Peter Mueller wins face-off versus Jordan Nolan in Seattle Thunderbirds zone.
6:15 of 2nd period - Slapshot by Shane Harper.
6:15 of 2nd period - Stopped by Adin Hill with a rebound.
6:24 of 2nd period - Snap shot by Shane Harper.
6:24 of 2nd period - Shot Misses the Net.
7:00 of 2nd period - Wrist shot by T.J. Tynan.
7:00 of 2nd period - Goal by T.J. Tynan - Seattle Thunderbirds : 1 - Rimouski Oceanic : 1.
7:01 of 2nd period - Jordan Nolan wins face-off versus Bracken Kearns in neutral zone.
7:36 of 2nd period - Slapshot by Brett Sutter.
7:36 of 2nd period - Shot Blocked by Zach Redmond.
7:38 of 2nd period - Slapshot by Yannick Weber.
7:38 of 2nd period - Deflect By Landon Ferraro.
7:38 of 2nd period - Stopped by Jeremy Smith with a rebound.
7:54 of 2nd period - Wrist shot by Nick Paul.
7:54 of 2nd period - Shot Misses the Net.
8:12 of 2nd period - Scooter Vaughan is hit by Roman Lyubimov and loses puck.
8:21 of 2nd period - Taylor Fedun is hit by Colin Smith and loses puck.
8:41 of 2nd period - Snap shot by Colin Smith.
8:41 of 2nd period - Stopped by Jeremy Smith with a rebound.
9:23 of 2nd period - Wrist shot by Peter Cehlarik.
9:23 of 2nd period - Shot Blocked by Jordin Tootoo.
9:37 of 2nd period - Wrist shot by Christoph Bertschy.
9:37 of 2nd period - Shot Blocked by Bracken Kearns.
10:37 of 2nd period - Reid Boucher is hit by Cody McLeod and loses puck.
10:50 of 2nd period - Snap shot by Devin Setoguchi.
10:50 of 2nd period - Shot Misses the Net.
10:52 of 2nd period - Slapshot by Brett Sutter.
10:52 of 2nd period - Deflect By Landon Ferraro.
10:52 of 2nd period - Goal by Landon Ferraro - Seattle Thunderbirds : 2 - Rimouski Oceanic : 1.
10:53 of 2nd period - Bracken Kearns wins face-off versus Jordan Nolan in neutral zone.
11:08 of 2nd period - Snap shot by Reid Boucher.
11:08 of 2nd period - Stopped by Jeremy Smith with a rebound.
11:18 of 2nd period - Jordin Tootoo is hit by Rourke Chartier and loses puck.
11:29 of 2nd period - Wrist shot by Sean Backman.
11:29 of 2nd period - Stopped by Jeremy Smith without a rebound.
11:30 of 2nd period - Bracken Kearns wins face-off versus Riley Barber in Rimouski Oceanic zone.
11:31 of 2nd period - Snap shot by Reid Boucher.
11:31 of 2nd period - Stopped by Jeremy Smith with a rebound.
12:02 of 2nd period - Wrist shot by Landon Ferraro.
12:02 of 2nd period - Stopped by Jeremy Smith with a rebound.
12:04 of 2nd period - Snap shot by Landon Ferraro.
12:04 of 2nd period - Stopped by Jeremy Smith with a rebound.
13:20 of 2nd period - Snap shot by Brett Sutter.
13:20 of 2nd period - Stopped by Jeremy Smith without a rebound.
13:21 of 2nd period - Peter Mueller wins face-off versus Jordan Nolan in Rimouski Oceanic zone.
13:22 of 2nd period - Wrist shot by Landon Ferraro.
13:22 of 2nd period - Stopped by Jeremy Smith with a rebound.
13:28 of 2nd period - Snap shot by Bobby Farnham.
13:28 of 2nd period - Stopped by Adin Hill with a rebound.
13:29 of 2nd period - Mark Alt beats up Peter Mueller.
13:29 of 2nd period - Penalty to Mark Alt for Fighting.
13:29 of 2nd period - Penalty to Peter Mueller for Fighting.
13:30 of 2nd period - Bracken Kearns wins face-off versus Riley Barber in Seattle Thunderbirds zone.
13:43 of 2nd period - Snap shot by Riley Barber.
13:43 of 2nd period - Stopped by Adin Hill with a rebound.
13:57 of 2nd period - Brett Sutter is hit by Jordan Nolan and loses puck.
14:04 of 2nd period - Snap shot by Jordin Tootoo.
14:04 of 2nd period - Stopped by Adin Hill with a rebound.
15:17 of 2nd period - Wrist shot by T.J. Tynan.
15:17 of 2nd period - Shot Misses the Net.
15:19 of 2nd period - Snap shot by T.J. Tynan.
15:19 of 2nd period - Stopped by Jeremy Smith with a rebound.
15:31 of 2nd period - Wrist shot by Landon Ferraro.
15:31 of 2nd period - Shot Misses the Net.
15:33 of 2nd period - Snap shot by Rob O'Gara.
15:33 of 2nd period - Stopped by Jeremy Smith with a rebound.
17:14 of 2nd period - Scooter Vaughan is hit by Reid Boucher and loses puck.
17:31 of 2nd period - Snap shot by Riley Barber.
17:31 of 2nd period - Shot Misses the Net.
18:26 of 2nd period - Wrist shot by Ethan Werek.
18:26 of 2nd period - Shot Blocked by Joey LaLeggia.
18:46 of 2nd period - Snap shot by Nick Paul.
18:46 of 2nd period - Shot Misses the Net.
Goals for this period are 2 for Seattle Thunderbirds vs 0 for Rimouski Oceanic.
Shots for this period are 20 for Seattle Thunderbirds vs 6 for Rimouski Oceanic.

3rd period


0:01 of 3rd period - Bracken Kearns wins face-off versus Riley Barber in neutral zone.
0:11 of 3rd period - Snap shot by Nick Paul.
0:11 of 3rd period - Stopped by Adin Hill with a rebound.
0:13 of 3rd period - Snap shot by Cody McLeod.
0:13 of 3rd period - Shot Misses the Net.
0:15 of 3rd period - Wrist shot by Cody McLeod.
0:15 of 3rd period - Goal by Cody McLeod - Seattle Thunderbirds : 2 - Rimouski Oceanic : 2.
0:16 of 3rd period - Riley Barber wins face-off versus Reid Boucher in neutral zone.
0:16 of 3rd period - Connor Carrick is hit by Reid Boucher and loses puck.
0:29 of 3rd period - Devin Setoguchi is hit by Cody McLeod and loses puck.
0:51 of 3rd period - Slapshot by Landon Ferraro.
0:51 of 3rd period - Deflect By Peter Mueller.
0:51 of 3rd period - Shot Blocked by Bobby Farnham.
0:51 of 3rd period - Puck is out of play.
0:52 of 3rd period - Bracken Kearns wins face-off versus Riley Barber in Rimouski Oceanic zone.
0:57 of 3rd period - Slapshot by Devin Setoguchi.
0:57 of 3rd period - Deflect By Reid Boucher.
0:57 of 3rd period - Shot Blocked by Taylor Fedun.
0:57 of 3rd period - Puck is out of play.
0:58 of 3rd period - Bracken Kearns wins face-off versus Riley Barber in Rimouski Oceanic zone.
1:01 of 3rd period - Wrist shot by Reid Boucher.
1:01 of 3rd period - Shot Misses the Net.
1:09 of 3rd period - Snap shot by Reid Boucher.
1:09 of 3rd period - Shot Misses the Net.
1:11 of 3rd period - Slapshot by Yannick Weber.
1:11 of 3rd period - Shot Blocked by Scooter Vaughan.
1:13 of 3rd period - Wrist shot by Devin Setoguchi.
1:13 of 3rd period - Shot Blocked by Riley Barber.
1:19 of 3rd period - Double Minor Penalty to Nick Paul for High sticking.
1:20 of 3rd period - Riley Barber wins face-off versus Bracken Kearns in Rimouski Oceanic zone.
1:35 of 3rd period - Snap shot by Riley Barber.
1:35 of 3rd period - Shot Misses the Net.
1:49 of 3rd period - Patrice Cormier is hit by Brett Sutter and loses puck.
2:08 of 3rd period - Minor Penalty to Bracken Kearns for Hooking.
2:09 of 3rd period - Riley Barber wins face-off versus Reid Boucher in Seattle Thunderbirds zone.
2:16 of 3rd period - Slapshot by Riley Barber.
2:16 of 3rd period - Deflect By Steven Fogarty.
2:16 of 3rd period - Shot Misses the Net.
2:16 of 3rd period - Puck is out of play.
2:17 of 3rd period - Reid Boucher wins face-off versus Riley Barber in Seattle Thunderbirds zone.
2:17 of 3rd period - Reid Boucher is hit by Taylor Fedun.
2:25 of 3rd period - Slapshot by Yannick Weber.
2:25 of 3rd period - Stopped by Jeremy Smith with a rebound.
2:41 of 3rd period - Snap shot by Reid Boucher.
2:41 of 3rd period - Shot Misses the Net.
3:01 of 3rd period - Snap shot by Zach Redmond.
3:01 of 3rd period - Shot Misses the Net.
3:24 of 3rd period - Icing by Andrew Campbell.
3:25 of 3rd period - Cody McLeod wins face-off versus Reid Boucher in Seattle Thunderbirds zone.
3:34 of 3rd period - Snap shot by Cody McLeod.
3:34 of 3rd period - Shot Misses the Net.
3:48 of 3rd period - Colin Smith is hit by Riley Barber and loses puck.
4:08 of 3rd period - Penalty to Bracken Kearns is over, Bracken Kearns is back on ice.
4:08 of 3rd period - Taylor Fedun is hit by Bracken Kearns and loses puck.
4:15 of 3rd period - Wrist shot by Brett Sutter.
4:15 of 3rd period - Goal by Brett Sutter - Seattle Thunderbirds : 3 - Rimouski Oceanic : 2.
4:16 of 3rd period - Bracken Kearns wins face-off versus Jordan Nolan in neutral zone.
4:43 of 3rd period - Connor Carrick is hit by Peter Cehlarik and loses puck.
5:30 of 3rd period - Wrist shot by Riley Barber.
5:30 of 3rd period - Shot Misses the Net.
5:32 of 3rd period - Slapshot by Mark Alt.
5:32 of 3rd period - Shot Blocked by Jacob MacDonald.
6:40 of 3rd period - Jamie McBain is hit by Bobby Farnham and loses puck.
6:57 of 3rd period - Wrist shot by Reid Boucher.
6:57 of 3rd period - Stopped by Jeremy Smith with a rebound.
7:20 of 3rd period - Bobby Farnham is hit by Jamie McBain and loses puck.
8:02 of 3rd period - Bobby Farnham is hit by Roman Lyubimov and loses puck.
8:21 of 3rd period - Brett Sutter is hit by Shane Harper and loses puck.
8:58 of 3rd period - Slapshot by Connor Carrick.
8:58 of 3rd period - Shot Blocked by Jamie McBain.
9:00 of 3rd period - Snap shot by Jordan Nolan.
9:00 of 3rd period - Shot Misses the Net.
9:02 of 3rd period - Slapshot by Zach Redmond.
9:02 of 3rd period - Stopped by Adin Hill with a rebound.
9:12 of 3rd period - Snap shot by Riley Barber.
9:12 of 3rd period - Stopped by Adin Hill with a rebound.
9:14 of 3rd period - Snap shot by Riley Barber.
9:14 of 3rd period - Stopped by Adin Hill with a rebound.
9:16 of 3rd period - Snap shot by Riley Barber.
9:16 of 3rd period - Deflect By Ethan Werek.
9:16 of 3rd period - Shot Blocked by Jamie McBain.
9:16 of 3rd period - Puck is out of play.
9:17 of 3rd period - Peter Mueller wins face-off versus Ethan Werek in Seattle Thunderbirds zone.
10:02 of 3rd period - Snap shot by Peter Cehlarik.
10:02 of 3rd period - Shot Blocked by Bobby Farnham.
10:04 of 3rd period - Snap shot by Peter Cehlarik.
10:04 of 3rd period - Stopped by Jeremy Smith with a rebound.
10:06 of 3rd period - Wrist shot by Colin Smith.
10:06 of 3rd period - Shot Misses the Net.
10:08 of 3rd period - Snap shot by Roman Lyubimov.
10:08 of 3rd period - Shot Misses the Net.
10:10 of 3rd period - Snap shot by Colin Smith.
10:10 of 3rd period - Shot Misses the Net.
11:12 of 3rd period - Wrist shot by Jordan Nolan.
11:12 of 3rd period - Shot Blocked by Peter Cehlarik.
11:14 of 3rd period - Wrist shot by Bobby Farnham.
11:14 of 3rd period - Shot Misses the Net.
11:16 of 3rd period - Wrist shot by Jordin Tootoo.
11:16 of 3rd period - Goal by Jordin Tootoo - Seattle Thunderbirds : 3 - Rimouski Oceanic : 3.
11:17 of 3rd period - Bracken Kearns wins face-off versus Riley Barber in neutral zone.
11:22 of 3rd period - Wrist shot by Devin Setoguchi.
11:22 of 3rd period - Shot Misses the Net.
11:42 of 3rd period - Connor Carrick is hit by Landon Ferraro.
12:12 of 3rd period - Snap shot by Roman Lyubimov.
12:12 of 3rd period - Shot Misses the Net.
12:14 of 3rd period - Wrist shot by Peter Cehlarik.
12:14 of 3rd period - Goal by Peter Cehlarik - Seattle Thunderbirds : 4 - Rimouski Oceanic : 3.
12:15 of 3rd period - Nick Paul wins face-off versus Reid Boucher in neutral zone.
13:11 of 3rd period - Snap shot by Shane Harper.
13:11 of 3rd period - Shot Blocked by Andrew Campbell.
13:33 of 3rd period - Wrist shot by Riley Barber.
13:33 of 3rd period - Stopped by Adin Hill with a rebound.
13:44 of 3rd period - Minor Penalty to Jordan Nolan for Cross-checking.
13:45 of 3rd period - Bracken Kearns wins face-off versus Riley Barber in Rimouski Oceanic zone.
13:52 of 3rd period - Slapshot by Reid Boucher.
13:52 of 3rd period - Goal by Reid Boucher - Seattle Thunderbirds : 5 - Rimouski Oceanic : 3.
13:53 of 3rd period - Riley Barber wins face-off versus Devin Setoguchi in neutral zone.
14:41 of 3rd period - Wrist shot by Colin Smith.
14:41 of 3rd period - Shot Blocked by Patrice Cormier.
14:43 of 3rd period - Snap shot by Colin Smith.
14:43 of 3rd period - Stopped by Jeremy Smith with a rebound.
14:45 of 3rd period - Slapshot by Jamie McBain.
14:45 of 3rd period - Deflect By Taylor Fedun.
14:45 of 3rd period - Stopped by Jeremy Smith without a rebound.
14:46 of 3rd period - Colin Smith wins face-off versus Riley Barber in Rimouski Oceanic zone.
14:51 of 3rd period - Snap shot by Peter Cehlarik.
14:51 of 3rd period - Stopped by Jeremy Smith without a rebound.
14:52 of 3rd period - Bracken Kearns wins face-off versus Riley Barber in Rimouski Oceanic zone.
15:34 of 3rd period - Icing by Bobby Farnham.
15:35 of 3rd period - Patrice Cormier wins face-off versus Colin Smith in Rimouski Oceanic zone.
15:40 of 3rd period - Snap shot by Shane Harper.
15:40 of 3rd period - Deflect By Christoph Bertschy.
15:40 of 3rd period - Shot Misses the Net.
15:40 of 3rd period - Puck is out of play.
15:41 of 3rd period - Christoph Bertschy wins face-off versus Colin Smith in Seattle Thunderbirds zone.
16:07 of 3rd period - Colin Smith is hit by Christoph Bertschy and loses puck.
16:26 of 3rd period - Scooter Vaughan is hit by Colin Smith and loses puck.
16:33 of 3rd period - Snap shot by Peter Cehlarik.
16:33 of 3rd period - Deflect By Roman Lyubimov.
16:33 of 3rd period - Stopped by Jeremy Smith without a rebound.
16:34 of 3rd period - Nick Paul wins face-off versus Bracken Kearns in Rimouski Oceanic zone.
17:25 of 3rd period - Nick Paul is hit by Sean Backman and loses puck.
18:23 of 3rd period - Slapshot by Taylor Fedun.
18:23 of 3rd period - Shot Blocked by Vincent LoVerde.
18:25 of 3rd period - Slapshot by Patrice Cormier.
18:25 of 3rd period - Stopped by Adin Hill with a rebound.
18:27 of 3rd period - Slapshot by Taylor Fedun.
18:27 of 3rd period - Shot Misses the Net.
18:39 of 3rd period - Rob O'Gara is hit by Jordan Nolan and loses puck.
19:38 of 3rd period - Snap shot by Christoph Bertschy.
19:38 of 3rd period - Shot Misses the Net.
19:46 of 3rd period - Taylor Fedun is hit by Rourke Chartier and loses puck.
Goals for this period are 3 for Seattle Thunderbirds vs 2 for Rimouski Oceanic.
Shots for this period are 10 for Seattle Thunderbirds vs 8 for Rimouski Oceanic.